APL (24 & UNDER)
BEAVERTON BRONZE SOULS @ ATHENS ASSASSINS
09/20/2026
 
TOP OF THE 1ST
Beaverton Bronze Souls batting - Pitching for Athens Assassins : RHP Alex Crawford
Pitching: RHP Alex Crawford
Batting: RHB Juan Becerra 0-0: SOLO HOME RUN (Flyball, 89XD), Distance : 411 ft
Batting: LHB Richard Méndez 0-0: Fly out, F5 (Line Drive, 56)
Batting: RHB Jim Villiers 0-0: Ball
1-0: Ground out 5-3 (Groundball, 56)
Batting: LHB Chance Santry 0-0: Ground out 4-3 (Groundball, 34)
Top of the 1st over - 1 run(s), 1 hit(s), 0 error(s), 0 left on base; Beaverton 1 - Athens 0
BOTTOM OF THE 1ST
Athens Assassins batting - Pitching for Beaverton Bronze Souls : RHP Ignacio Morales
Pitching: RHP Ignacio Morales
Batting: RHB Ryan Jackson 0-0: Fly out, F4 (Popup, 34D)
Batting: LHB George Flanagan 0-0: Ball
1-0: Ball
2-0: Foul Ball, location: 2F
2-1: Ball
3-1: Hit by Pitch
Batting: RHB Alexander Barr 0-0: Ball
1-0: Fly out, F9 (Flyball, 9LM)
Batting: LHB Pedro Rodríguez 0-0: Ball
1-0: Called Strike
1-1: Foul Ball, location: 2F
1-2: Strikes out swinging
Bottom of the 1st over - 0 run(s), 0 hit(s), 0 error(s), 1 left on base; Beaverton 1 - Athens 0
TOP OF THE 2ND
Beaverton Bronze Souls batting - Pitching for Athens Assassins : RHP Alex Crawford
Batting: RHB Brian Dixon 0-0: Foul Ball, location: 2F
0-1: Ball
1-1: SINGLE (Line Drive, 78M)
Batting: LHB Cristóbal Gómez 0-0: Ball
1-0: Ball
2-0: Hit by Pitch
Brian Dixon to second
Batting: SHB Dawson Fowler 0-0: Foul Ball, location: 2F
0-1: Ground out U3 (Groundball, 3S)
Brian Dixon to third
Cristóbal Gómez to second
Batting: RHB David Kerr 0-0: 3-RUN HOME RUN (Flyball, 78XD), Distance : 395 ft
Batting: LHB Luis Aragón 0-0: Called Strike
0-1: Ground out 6-3 (Groundball, 6MS)
Batting: RHB Juan Becerra 0-0: Ball
1-0: Foul Ball, location: 2F
1-1: Ball
2-1: Foul Ball, location: 2F
2-2: Ball
3-2: Base on Balls
Batting: LHB Richard Méndez 0-0: Ball
Juan Becerra steals 2nd base
1-0: Ball
2-0: Ball
3-0: Base on Balls
Batting: RHB Jim Villiers 0-0: Ball
1-0: Foul Ball, location: 2F
1-1: Called Strike
Throwing error on steal attempt, E2
Juan Becerra scores
Richard Méndez to third
1-2: Ball
2-2: Foul Ball, location: 2F
2-2: Foul Ball, location: 2F
2-2: Ball
3-2: Fly out, F7 (Flyball, 7M)
Top of the 2nd over - 4 run(s), 2 hit(s), 1 error(s), 1 left on base; Beaverton 5 - Athens 0
BOTTOM OF THE 2ND
Athens Assassins batting - Pitching for Beaverton Bronze Souls : RHP Ignacio Morales
Batting: LHB Brian Turner 0-0: Ball
1-0: Ball
2-0: Called Strike
2-1: Ball
3-1: Swinging Strike
3-2: Strikes out swinging
Batting: RHB Fred Hubbard 0-0: Bunt missed!
0-1: Called Strike
0-2: Foul Ball, location: 2F
0-2: Strikes out looking
Batting: RHB Emílio García 0-0: Ball
1-0: Ball
2-0: Ground out 4-3 (Groundball, 4)
Bottom of the 2nd over - 0 run(s), 0 hit(s), 0 error(s), 0 left on base; Beaverton 5 - Athens 0
TOP OF THE 3RD
Beaverton Bronze Souls batting - Pitching for Athens Assassins : RHP Alex Crawford
Batting: LHB Chance Santry 0-0: Ball
1-0: Ball
2-0: Ground out 6-3 (Groundball, 6M)
Batting: RHB Brian Dixon 0-0: Foul Ball, location: 2F
0-1: Ball
1-1: Swinging Strike
1-2: Ball
2-2: Ball
3-2: Ground out 6-3 (Groundball, 6)
Batting: LHB Cristóbal Gómez 0-0: Ball
1-0: Ball
2-0: Ball
3-0: Called Strike
3-1: Base on Balls
Pitching: RHP Hollis Farmer
Batting: SHB Dawson Fowler 0-0: Called Strike
0-1: Ball
1-1: Fielders Choice at 2nd, U6 (Groundball, 6M)
Top of the 3rd over - 0 run(s), 0 hit(s), 0 error(s), 1 left on base; Beaverton 5 - Athens 0
BOTTOM OF THE 3RD
Athens Assassins batting - Pitching for Beaverton Bronze Souls : RHP Ignacio Morales
Batting: RHB Jorge Loanos 0-0: Ball
1-0: Called Strike
1-1: Foul Ball, location: 2F
1-2: Ball
2-2: Ground out 5-3 (Groundball, 5F)
Batting: LHB Milo Glenn 0-0: Ball
1-0: Called Strike
1-1: Ground out 4-3 (Groundball, 34)
Batting: RHB Ryan Jackson 0-0: Ball
1-0: Foul Ball, location: 2F
1-1: Foul Ball, location: 2F
1-2: Strikes out swinging
Bottom of the 3rd over - 0 run(s), 0 hit(s), 0 error(s), 0 left on base; Beaverton 5 - Athens 0
TOP OF THE 4TH
Beaverton Bronze Souls batting - Pitching for Athens Assassins : RHP Hollis Farmer
Batting: RHB David Kerr 0-0: Called Strike
0-1: Called Strike
0-2: Ground out 6-3 (Groundball, 6)
Pitching: RHP Anastasio García
Batting: LHB Luis Aragón 0-0: Ball
1-0: Called Strike
1-1: Ball
2-1: Foul Ball, location: 2F
2-2: Ball
3-2: Foul Ball, location: 2F
3-2: Base on Balls
Pitching: RHP Jason Mason
Batting: RHB Juan Becerra Pickoff Throw to First - Out!
0-0: Ball
1-0: Ball
2-0: Ground out 6-3 (Groundball, 6M)
Top of the 4th over - 0 run(s), 0 hit(s), 0 error(s), 0 left on base; Beaverton 5 - Athens 0
BOTTOM OF THE 4TH
Athens Assassins batting - Pitching for Beaverton Bronze Souls : RHP Ignacio Morales
Batting: LHB George Flanagan 0-0: Ball
1-0: Ball
2-0: Swinging Strike
2-1: Swinging Strike
2-2: Strikes out swinging
Batting: RHB Alexander Barr 0-0: Called Strike
0-1: Called Strike
0-2: Ground out 4-3 (Groundball, 4)
Batting: LHB Pedro Rodríguez 0-0: Ground out U3 (Groundball, 3)
Bottom of the 4th over - 0 run(s), 0 hit(s), 0 error(s), 0 left on base; Beaverton 5 - Athens 0
TOP OF THE 5TH
Beaverton Bronze Souls batting - Pitching for Athens Assassins : RHP Jason Mason
Batting: LHB Richard Méndez 0-0: Ball
1-0: Ball
2-0: Called Strike
2-1: Ball
3-1: SINGLE (Flyball, 7S)
Batting: RHB Jim Villiers 0-0: Ball
1-0: Ball
2-0: Ball
3-0: Called Strike
3-1: Called Strike
Richard Méndez steals 2nd base
3-2: Ground out 6-3 (Groundball, 56)
Batting: LHB Chance Santry 0-0: Ball
1-0: Called Strike
1-1: 2-RUN HOME RUN (Flyball, 9D), Distance : 372 ft
Batting: RHB Brian Dixon 0-0: Called Strike
0-1: Ball
1-1: Called Strike
1-2: SINGLE (Line Drive, 34D)
Batting: LHB Cristóbal Gómez 0-0: Called Strike
0-1: Called Strike
0-2: Ball
1-2: Ball
2-2: Foul Ball, location: 2F
2-2: Ball
3-2: Base on Balls
Brian Dixon to second
Batting: SHB Dawson Fowler 0-0: Called Strike
0-1: SINGLE (Line Drive, 34D)
Brian Dixon to third
Cristóbal Gómez to second
Runner from 3rd tries for Home, SAFE, throw made home
Batting: RHB David Kerr 0-0: Called Strike
0-1: Fly out, F8 (Flyball, 8LM)
Batting: LHB Luis Aragón 0-0: Ball
1-0: Called Strike
1-1: Ball
2-1: Foul Ball, location: 2F
2-2: DOUBLE (Groundball, 3L)
Cristóbal Gómez scores
Dawson Fowler to third
Batting: RHB Juan Becerra 0-0: Ball
1-0: Ball
2-0: Ball
3-0: Base on Balls
Batting: LHB Richard Méndez 0-0: Ball
1-0: Swinging Strike
1-1: Ball
2-1: Ball
3-1: Called Strike
3-2: Base on Balls
Dawson Fowler scores
Luis Aragón to third
Juan Becerra to second
Batting: RHB Jim Villiers 0-0: Ball
1-0: Foul Ball, location: 2F
1-1: Foul Ball, location: 2F
1-2: SINGLE (Line Drive, 34D)
Luis Aragón scores
Juan Becerra to third
Richard Méndez to second
Runner from 3rd tries for Home, SAFE, no throw or cutoff
Batting: LHB Chance Santry 0-0: Called Strike
0-1: Foul Ball, location: 2F
0-2: Foul Ball, location: 2F
0-2: Foul Ball, location: 2F
0-2: Ball
1-2: Foul Ball, location: 2F
1-2: SINGLE (Line Drive, 89M)
Richard Méndez to third
Jim Villiers to second
Runner from 3rd tries for Home, SAFE, no throw or cutoff
Batting: RHB Brian Dixon 0-0: Called Strike
0-1: Foul Ball, location: 2F
0-2: Ball
1-2: Ball
2-2: Ball
3-2: Base on Balls
Jim Villiers to third
Chance Santry to second
Pitching: RHP Ultse Hoekstra
Batting: LHB Cristóbal Gómez 0-0: Ball
1-0: Foul Ball, location: 2F
1-1: SINGLE (Groundball, 13S) (infield hit)
Jim Villiers scores
Chance Santry to third
Brian Dixon to second
Batting: SHB Dawson Fowler 0-0: Swinging Strike
0-1: Hit by Pitch
Chance Santry scores
Brian Dixon to third
Cristóbal Gómez to second
Batting: RHB David Kerr 0-0: Called Strike
0-1: Called Strike
0-2: Foul Ball, location: 2F
0-2: SINGLE (Groundball, 56D)
Brian Dixon scores
Cristóbal Gómez to third
Dawson Fowler to second
Runner from 3rd tries for Home, SAFE, no throw or cutoff
Batting: LHB Luis Aragón 0-0: Ball
1-0: Ball
2-0: Ball
3-0: Base on Balls
Dawson Fowler to third
David Kerr to second
Batting: RHB Juan Becerra 0-0: Ball
1-0: Called Strike
1-1: Ball
2-1: Ball
3-1: Base on Balls
Dawson Fowler scores
David Kerr to third
Luis Aragón to second
Batting: LHB Richard Méndez 0-0: Ball
1-0: SINGLE (Flyball, 78M)
David Kerr scores
Luis Aragón to third
Juan Becerra to second
Runner from 3rd tries for Home, SAFE, throw made home
Juan Becerra to third
Richard Méndez to second
Batting: RHB Jim Villiers 0-0: Ball
1-0: Ball
2-0: DOUBLE (Line Drive, 5L)
Juan Becerra scores
Richard Méndez scores
Batting: LHB Chance Santry 0-0: Ball
1-0: Ball
2-0: SINGLE (Groundball, 4MD)
Jim Villiers to third
Runner from 3rd tries for Home, SAFE, throw made home
Chance Santry to second
Batting: RHB Brian Dixon 0-0: Called Strike
0-1: Ball
1-1: Foul Ball, location: 2F
1-2: Ball
2-2: Ball
3-2: Base on Balls
Batting: LHB Cristóbal Gómez 0-0: Swinging Strike
0-1: Fly out, F8 (Flyball, 8RM)
Top of the 5th over - 18 run(s), 12 hit(s), 0 error(s), 2 left on base; Beaverton 23 - Athens 0
BOTTOM OF THE 5TH
Athens Assassins batting - Pitching for Beaverton Bronze Souls : RHP Ignacio Morales
Now in CF: Miguel Barrón
Batting: LHB Brian Turner 0-0: Ball
1-0: Called Strike
1-1: Ball
2-1: Foul Ball, location: 2F
2-2: Ball
3-2: Base on Balls
Batting: RHB Fred Hubbard 0-0: Fielders Choice at 2nd, 6-4 (Groundball, 6)
Batting: RHB Emílio García 0-0: Ball
1-0: Grounds into double play, 4-6-3 (Groundball, 34)
Bottom of the 5th over - 0 run(s), 0 hit(s), 0 error(s), 0 left on base; Beaverton 23 - Athens 0
TOP OF THE 6TH
Beaverton Bronze Souls batting - Pitching for Athens Assassins : RHP Ultse Hoekstra
Batting: SHB Dawson Fowler 0-0: Called Strike
0-1: Ball
1-1: Ball
2-1: Ball
3-1: Ground out 4-3 (Groundball, 4)
Batting: RHB David Kerr 0-0: Ball
1-0: Ball
2-0: Ball
3-0: Called Strike
3-1: Base on Balls
Batting: LHB Luis Aragón 0-0: Called Strike
David Kerr is caught stealing 2nd base
0-1: Called Strike
0-2: SINGLE (Line Drive, 56D)
Batting: RHB Juan Becerra 0-0: Ball
1-0: Ball
2-0: Ball
3-0: Base on Balls
Luis Aragón to second
Batting: LHB Richard Méndez 0-0: TRIPLE (Flyball, 78D)
Luis Aragón scores
Juan Becerra scores
Batting: LHB Miguel Barrón 0-0: Ball
1-0: Ball
2-0: Reached on error, E1 (Groundball, 15)
Richard Méndez scores
Batting: LHB Chance Santry 0-0: Fly out, F1 (Popup, 13S)
Top of the 6th over - 3 run(s), 2 hit(s), 1 error(s), 1 left on base; Beaverton 26 - Athens 0
BOTTOM OF THE 6TH
Athens Assassins batting - Pitching for Beaverton Bronze Souls : RHP Ignacio Morales
Batting: RHB Jorge Loanos 0-0: Ball
1-0: Foul Ball, location: 2F
1-1: Ball
2-1: SINGLE (Line Drive, 7S)
Batting: LHB Milo Glenn 0-0: Called Strike
0-1: Swinging Strike
0-2: Foul Ball, location: 2F
0-2: Foul Ball, location: 2F
0-2: Ball
1-2: Foul Ball, location: 2F
1-2: Strikes out swinging
Batting: RHB Ryan Jackson 0-0: Swinging Strike
0-1: Called Strike
0-2: Foul Ball, location: 2F
0-2: Ball
1-2: DOUBLE (Flyball, 8RXD)
Jorge Loanos to third
Runner from 3rd tries for Home, SAFE, throw made home
Batting: LHB George Flanagan 0-0: Called Strike
0-1: Ball
1-1: Foul Ball, location: 2F
1-2: Strikes out looking
Batting: RHB Alexander Barr 0-0: DOUBLE (Line Drive, 78M)
Ryan Jackson scores
Batting: LHB Pedro Rodríguez 0-0: Ball
1-0: Ground out 1-3 (Groundball, 15)
Bottom of the 6th over - 2 run(s), 3 hit(s), 0 error(s), 1 left on base; Beaverton 26 - Athens 2
TOP OF THE 7TH
Beaverton Bronze Souls batting - Pitching for Athens Assassins : RHP Ultse Hoekstra
Batting: RHB Brian Dixon 0-0: Called Strike
0-1: Foul Ball, location: 2F
0-2: Ball
1-2: Ground out 6-3 (Groundball, 6)
Batting: LHB Cristóbal Gómez 0-0: Ball
1-0: Ball
2-0: Ball
3-0: Base on Balls
Batting: SHB Dawson Fowler 0-0: Called Strike
0-1: SINGLE (Line Drive, 34D)
Cristóbal Gómez to second
Batting: RHB David Kerr 0-0: Fly out, F4 (Popup, 34S)
Batting: LHB Luis Aragón 0-0: Ball
1-0: Ball
2-0: Ball
3-0: Called Strike
3-1: SINGLE (Line Drive, 4MD)
Cristóbal Gómez to third
Dawson Fowler to second
Batting: RHB Juan Becerra 0-0: Ball
1-0: Foul Ball, location: 2F
1-1: Ball
2-1: Swinging Strike
2-2: Ball
3-2: Foul Ball, location: 2F
3-2: Base on Balls
Cristóbal Gómez scores
Dawson Fowler to third
Luis Aragón to second
Batting: LHB Richard Méndez 0-0: Foul Ball, location: 2F
0-1: Ball
1-1: Ball
2-1: Foul Ball, location: 2F
2-2: Fly out, F8 (Flyball, 8RM)
Top of the 7th over - 1 run(s), 2 hit(s), 0 error(s), 3 left on base; Beaverton 27 - Athens 2
BOTTOM OF THE 7TH
Athens Assassins batting - Pitching for Beaverton Bronze Souls : RHP Ignacio Morales
Batting: LHB Brian Turner 0-0: Called Strike
0-1: Swinging Strike
0-2: Ball
1-2: Ground out 6-3 (Groundball, 6M)
Batting: RHB Fred Hubbard 0-0: Swinging Strike
0-1: Called Strike
0-2: Ground out 1-3 (Groundball, 34S)
Batting: RHB Emílio García 0-0: Called Strike
0-1: Swinging Strike
0-2: Ball
1-2: Strikes out swinging
Bottom of the 7th over - 0 run(s), 0 hit(s), 0 error(s), 0 left on base; Beaverton 27 - Athens 2
TOP OF THE 8TH
Beaverton Bronze Souls batting - Pitching for Athens Assassins : RHP Ultse Hoekstra
Batting: LHB Miguel Barrón 0-0: Called Strike
0-1: SINGLE (Line Drive, 8RS)
Batting: LHB Chance Santry 0-0: Ball
1-0: Called Strike
1-1: Foul Ball, location: 2F
1-2: Ball
2-2: Ball
3-2: Base on Balls
Miguel Barrón to second
Batting: RHB Brian Dixon 0-0: Called Strike
0-1: Swinging Strike
0-2: Fly out, F8 (Flyball, 8LXD)
Runner from 2nd tags up, SAFE at 3rd, no throw
Batting: LHB Cristóbal Gómez 0-0: Swinging Strike
0-1: Fly out, F8 (Popup, 89S)
Batting: SHB Dawson Fowler 0-0: Ground out U3 (Groundball, 3S)
Top of the 8th over - 0 run(s), 1 hit(s), 0 error(s), 2 left on base; Beaverton 27 - Athens 2
BOTTOM OF THE 8TH
Athens Assassins batting - Pitching for Beaverton Bronze Souls : RHP Ignacio Morales
Pitching: LHP Mike Stevens
Now in LF: Rusty Anderson
Batting: RHB Jorge Loanos 0-0: Ball
1-0: Ground out 5-3 (Groundball, 5S)
Batting: LHB Milo Glenn 0-0: Called Strike
0-1: Called Strike
0-2: Ball
1-2: Fly out, F7 (Flyball, 7LM)
Batting: RHB Ryan Jackson 0-0: Called Strike
0-1: Foul Ball, location: 2F
0-2: SINGLE (Line Drive, 8LS)
Batting: LHB George Flanagan 0-0: Ball
1-0: Ball
2-0: Foul Ball, location: 2F
2-1: Foul Ball, location: 2F
2-2: Ground out 1-3 (Groundball, 13)
Bottom of the 8th over - 0 run(s), 1 hit(s), 0 error(s), 1 left on base; Beaverton 27 - Athens 2
TOP OF THE 9TH
Beaverton Bronze Souls batting - Pitching for Athens Assassins : RHP Ultse Hoekstra
Pitching: RHP Jimmy King
Batting: RHB David Kerr 0-0: Ball
1-0: Ball
2-0: Called Strike
2-1: Foul Ball, location: 2F
2-2: SINGLE (Line Drive, 6M)
Batting: LHB Luis Aragón 0-0: Ball
David Kerr steals 2nd base
Balk!
David Kerr to third
1-0: Called Strike
1-1: Swinging Strike
1-2: Ball
2-2: Foul Ball, location: 2F
2-2: Ball
3-2: Fly out, F9 (Flyball, 89D)
Runner from 3rd tags up, SCORES, no throw
Batting: RHB Juan Becerra 0-0: Ball
1-0: Foul Ball, location: 2F
1-1: Fly out, F7 (Flyball, 78M)
Batting: LHB Richard Méndez 0-0: Called Strike
0-1: Swinging Strike
0-2: Ground out 6-3 (Groundball, 6)
Top of the 9th over - 1 run(s), 1 hit(s), 0 error(s), 0 left on base; Beaverton 28 - Athens 2
BOTTOM OF THE 9TH
Athens Assassins batting - Pitching for Beaverton Bronze Souls : LHP Mike Stevens
Now at C: Carlos Carrillo
Batting: RHB Alexander Barr 0-0: Foul Ball, location: 2F
0-1: Ball
1-1: Ball
2-1: Swinging Strike
2-2: Foul Ball, location: 2F
2-2: Foul Ball, location: 2F
2-2: Fly out, F8 (Flyball, 8RM)
Batting: LHB Pedro Rodríguez 0-0: Ball
1-0: Ball
2-0: SINGLE (Line Drive, 78M)
Batting: LHB Brian Turner 0-0: Fielders Choice at 2nd, 5-4 (Groundball, 5)
Batting: RHB Fred Hubbard 0-0: Called Strike
0-1: SINGLE (Line Drive, 56D)
Brian Turner to second
Batting: RHB Emílio García 0-0: Swinging Strike
0-1: Foul Ball, location: 2F
0-2: Strikes out swinging
Bottom of the 9th over - 0 run(s), 2 hit(s), 0 error(s), 2 left on base; Beaverton 28 - Athens 2
Monday, December 5th, 2016 - OOTP Baseball 17.12 Build 75